cohdb
Replays
Latest Replays
All Replays
Popular Replays
Top Player Replays
Match Explorer
How It Works
Community
CoH3 Stats
Reddit
Sign in to upload your games and track your stats! →
Sign in with Steam
Match 42937052
Unlisted
Match 42937052
Overview
Messages
Build Orders
End
Kradschützen Motorcycle Team
Selects Panzerjäger Kommand Battlegroup
Selects Mine Fields
Kradschützen Motorcycle Team
Panzerpioneer Squad
Construct Light Support Kompanie
Panzerpioneer Squad
Panzerjäger Squad
Assault Grenadier Squad
MG34 Team
Kradschützen Motorcycle Team
Panzerjäger Squad
2.5-tonne Medical Truck
Selects Defensive Positions
Construct Mechanized Kompanie
Support Armor Elements
Selects Butterfly Bomb Drop
Butterfly Bomb Drop
Selects Tank Busters
StuG III D Assault Gun
MG34 Team
StuG III D Assault Gun
Butterfly Bomb Drop
Kradschützen Motorcycle Team
Panzerjäger Squad
Panzerpioneer Squad
StuG III D Assault Gun
Selects Crew Shock Tactics
StuG III D Assault Gun
Panzerjäger Squad
StuG III D Assault Gun
Panzerpioneer Squad
StuG III D Assault Gun
Kradschützen Motorcycle Team
Selects Anti-tank Overwatch
StuG III D Assault Gun
Panzerjäger Squad
Anti-tank Overwatch
Assault Grenadier Squad
StuG III D Assault Gun
Assault Grenadier Squad
Marder III Tank Destroyer
Nightm@re
Kimin
0
0
Comments
sign in to comment!
No comments posted yet!